 Dungeon Crawl Stone Soup version 0.25.1-2-g60ff931df9 (webtiles) character file.

Game seed: 9340502836189786141

29 Borneo the Grave Robber (level 3, -1/24 HPs)
             Began as a Vampire Necromancer on Oct 24, 2020.
             Succumbed to a hobgoblin's poison
             ... on level 2 of the Dungeon.
             The game lasted 00:05:36 (1171 turns).

Borneo the Grave Robber (Vampire Necromancer)       Turns: 1171, Time: 00:05:36

Health: -1/24      AC:  3    Str:  7    XL:     3   Next: 1%
Magic:  0/6        EV: 13    Int: 18    God:
Gold:   160        SH:  0    Dex: 14    Spells: 4/6 levels left

rFire    . . .     SeeInvis +   (no weapon)
rCold    . . .     Gourm    .   (no shield)
rNeg     . . .     Faith    .   a - +0 robe
rPois    .         Spirit   .   (no helmet)
rElec    .         Reflect  .   (no cloak)
rCorr    .         Harm     .   (no gloves)
MR       .....                  e - +0 pair of boots
Stlth    ++........             (no amulet)
HPRegen  0.28/turn              (no ring)
MPRegen  0.10/turn              (no ring)

@: lethally poisoned (-1 -> -17), regenerating quickly
A: no food, fangs 3, see invisible, unbreathing
a: Exsanguinate


You were on level 2 of the Dungeon.
You were alive.

You visited 1 branch of the dungeon, and saw 2 of its levels.

You collected 160 gold pieces.

Inventory:

Armour
 a - a +0 robe (worn)
 e - a +0 pair of boots (worn)
Scrolls
 b - a scroll of identify {unknown}
 f - a scroll of teleportation {unknown}
Potions
 c - a potion of lignification {unknown}
 d - a potion of heal wounds {unknown}
 g - a potion of ambrosia {unknown}


   Skills:
 + Level 2.5 Dodging
 + Level 3.0 Stealth
 + Level 2.2 Spellcasting
 + Level 5.1 Necromancy


You had 4 spell levels left.
You knew the following spells:

 Your Spells              Type           Power        Failure   Level  Hunger
a - Pain                  Necr           ###.         2%          1    N/A
b - Animate Skeleton      Necr           N/A          2%          1    N/A

Your spell library contained the following spells:

 Spells                   Type           Power        Failure   Level  Hunger
 Vampiric Draining        Necr           ###.......   6%          3    N/A
 Animate Dead             Necr           N/A          22%         4    N/A
 Agony                    Necr           ###.....     52%         5    N/A

Dungeon Overview and Level Annotations

Branches:
Dungeon (2/15)

Altars:


Innate Abilities, Weirdness & Mutations

You do not eat.
Your natural rate of healing is unusually fast.
You have razor-sharp teeth.
You have supernaturally acute eyesight. (SInv)
You can survive without breathing.


Message History

Casting: Pain (safe; 2% risk of failure)
Confirm with . or Enter, or press ? or * to list all spells.
Aiming: Pain (safe; 2% risk of failure)
Press: ? - help, Shift-Dir - straight line, f - hobgoblin
Aim: a hobgoblin, quivering 5 poisoned darts (chance to defeat MR: 90%)
The hobgoblin barely resists.
* * * LOW HITPOINT WARNING * * *
You feel sick.
The hobgoblin throws a poisoned dart.
The poisoned dart hits you!
You are more poisoned.
* * * LOW HITPOINT WARNING * * *
You feel sick.
The hobgoblin throws a poisoned dart.
The poisoned dart closely misses you.
Casting: Pain (safe; 2% risk of failure)
Confirm with . or Enter, or press ? or * to list all spells.
You don't have enough magic to cast that spell.
* * * LOW HITPOINT WARNING * * *
You feel sick.
Your hobgoblin skeleton barely misses the hobgoblin.
You die...

#.# # .....#...... ..
..##.#.#.#.##. .
..##...#..... ..
#.##.#....).#.#
#....#.#.?....
#.##........#
#.##.#.##.#.#.#
#@..(rgZ((....# ####
#.##.###.##.#.# ..#
#............. ##.##
#.####.###.# .#
#...##########.####.###.#
#
###...##)................
.
......##.##########.#.##.
.. ####.....# #.# .#
.......###


You could see a hobgoblin, a rat and a friendly hobgoblin skeleton.

Vanquished Creatures
  An adder (D:2)
  A leopard gecko (D:1)
  3 bats (D:1)
  4 goblins
  3 hobgoblins
  3 kobolds
  A ball python (D:1)
  A frilled lizard (D:1)
  2 rats (D:1)
19 creatures vanquished.

Notes
Turn   | Place    | Note
-------+----------+-------------------------------------------
     0 | D:1      | Borneo the Vampire Necromancer began the quest for the Orb.
     0 | D:1      | Reached XP level 1. HP: 13/13 MP: 3/3
   305 | D:1      | Reached XP level 2. HP: 16/19 MP: 0/5
   528 | D:1      | Learned a level 1 spell: Animate Skeleton
  1097 | D:2      | Reached skill level 5 in Necromancy
  1144 | D:2      | Reached XP level 3. HP: 22/24 MP: 0/6
  1170 | D:2      | HP: 1/24 [poisoned by a hobgoblin]
  1171 | D:2      | Succumbed to a hobgoblin's poison

Illustrated notes

Levels and vault maps discovered:
D:1:      scummos_arrival_checkerplants, layout_basic, minmay_domino_4
D:2:      layout_basic, nicolae_overflow_crystal_walls,
          hangedman_abyss_or_decor_lesser_grid, minmay_diced_spiral

Skill      XL: |  1  2 |
---------------+-------+-----
Necromancy     | 5 |  5.1
Dodging        | |  2.5
Stealth        | |  3.0
Spellcasting   | |  2.2

Action                   || total
-------------------------++-------
Melee: Unarmed           ||    22
       Bite              ||     1
 Cast: Pain              ||    37
       Animate Skeleton  ||     1
Armor: Robe              ||     4
Dodge: Dodged            ||    29
